 Dungeon Crawl Stone Soup version 0.30.1-11-g7821555f0a (webtiles) character file.

Game seed: 10513808094907435697

99 Vulpanium the Trooper (level 4, -2/41 HPs)
             Began as a Draconian Chaos Knight on Nov 28, 2023.
             Was a Plaything of Xom.
             Slain by a water moccasin (12 damage)
             ... on level 3 of the Dungeon.
             The game lasted 00:05:30 (2165 turns).

Vulpanium the Trooper (Draconian Chaos Knight)      Turns: 2165, Time: 00:05:31

Health: -2/41      AC:  5    Str: 16    XL:     4   Next: 45%
Magic:  4/4        EV: 12    Int: 12    God:    Xom [..*...]
Gold:   94         SH:  0    Dex: 11    Spells: 3/3 levels left

rFire   . . .        a - +0 hand axe (chaos)
rCold   + . .        (no shield)
rNeg    . . .        (body armour unavailable)
rPois   .            (helmet restricted)
rElec   .            (no cloak)
rCorr   .            (no gloves)
SInv    .            (no boots)
Will    .....        (no amulet)
Stlth   +            e - ring of protection from cold
HPRegen 0.26/turn    (no ring)
MPRegen 0.09/turn

%: no passive effects
@: lethally poisoned (-2 -> -9)
A: AC +5, unfitting armour, cold-blooded
a: Renounce Religion


You were on level 3 of the Dungeon.
You worshipped Xom.
You were a toy of Xom.
You visited 1 branch of the dungeon, and saw 3 of its levels.

You collected 94 gold pieces.

Inventory:

Hand Weapons
 a - a +0 hand axe of chaos (weapon)
Jewellery
 e - a ring of protection from cold (left hand)
Scrolls
 c - a scroll of immolation {unknown}
 d - 4 scrolls of identify
 g - a scroll of fear
 k - 2 scrolls of teleportation
Potions
 f - 2 potions of curing {unknown}
 h - 2 potions of flight {unknown}
 i - a potion of heal wounds {unknown}
 m - 2 potions of might {unknown}
Miscellaneous
 b - a piece from Xom's chessboard (13/15) (quivered)


   Skills:
 + Level 4.3 Fighting
 + Level 4.0 Axes
 + Level 2.8 Dodging
 + Level 0.4 Stealth


You had 3 spell levels left.
You didn't know any spells.
Your spell library contained the following spells:

 Spells                   Type           Power      Damage    Failure   Level
 Summon Small Mammal      Summ           0%         N/A       32%         1
 Call Canine Familiar     Summ           0%         N/A       69%         3
 Summon Guardian Golem    Hex/Summ       0%         N/A       69%         3


Dungeon Overview and Level Annotations

Branches:
Dungeon (3/15)

Altars:


Innate Abilities, Weirdness & Mutations

Your plain brown scales are hard. (AC +5)
You cannot fit into any form of body armour.
You are cold-blooded and may be slowed by cold attacks.


Message History

Found 13 gold pieces.
A water moccasin comes into view.
A ball python comes into view.
Found a scroll labelled OTTEAN UNIO.
The kobold hits you with a +0 whip.
The water moccasin hisses angrily.
You hit the kobold.
You kill the kobold!
Xom smirks.
You feel aware of your surroundings.
A kobold comes into view. It is wielding a +0 short sword.
Found a spear.
The water moccasin bites you but does no damage.
You see here a +0 whip.
The water moccasin attacks as you move away!
The water moccasin bites you.
The ball python attacks as you move away!
The ball python bites you but does no damage.
The kobold shouts!
You hit the water moccasin but do no damage.
The water moccasin seems to grow stronger.
You tail-slap the water moccasin.
The water moccasin is lightly wounded.
The water moccasin barely misses you. The water moccasin bites you!
You are poisoned.
The water moccasin poisons you!
You don't know any spells.
Okay, then.
You make a move on Xom's chessboard...
The kobold struggles to resist.
You feel very sick. The water moccasin barely misses you.
You hit the water moccasin.
The water moccasin easily resists.
The water moccasin is lightly wounded.
You feel very sick. The water moccasin barely misses you.
The water moccasin bites you!
* * * LOW HITPOINT WARNING * * *
You miss the water moccasin.
The water moccasin is lightly wounded.
You feel sick. The water moccasin bites you!
You die...
Xom chuckles heartily!

####### , #.....# #.........
#.....# #......... #.....#
#)........ #.....#
#......... #.....#
#...?..... #.....# ....)$...
#######.....#####........
......'.....'..@SS.<.....
#######.....#############
..#.....# #.......#
#.#.....# #.#####<#
######.#.....#####.#######.#
.......).............>.....#
######.###########.#..#####
#.#### #....#
######....###########.#


You could see a water moccasin (strong) and a ball python.

Vanquished Creatures
  2 adders (D:2)
  An ufetubus (D:3)
  3 worms
  A dart slug (D:3)
  An orc (D:3)
  8 ball pythons
  4 bats
  5 endoplasms
  3 giant cockroaches
  7 goblins
  5 hobgoblins
  5 kobolds
  4 quokkas
  3 frilled lizards
  8 rats
60 creatures vanquished.

Notes
Turn   | Place    | Note
-------+----------+-------------------------------------------
     0 | D:1      | Vulpanium the Draconian Chaos Knight began the quest for
                  | the Orb.
     0 | D:1      | Reached XP level 1. HP: 19/19 MP: 1/1
   268 | D:1      | Reached XP level 2. HP: 22/26 MP: 2/2
   752 | D:1      | XOM: silly message
  1070 | D:1      | XOM is BORED!
  1203 | D:2      | Reached XP level 3. HP: 29/33 MP: 3/3
  1287 | D:2      | XOM: smoke on damage
  1736 | D:3      | Reached XP level 4. HP: 40/40 MP: 4/4
  1787 | D:3      | XOM: butterfly on damage
  1826 | D:3      | XOM: silly message
  2035 | D:3      | XOM: potion effect (berserk rage)
  2155 | D:3      | Noticed a water moccasin
  2158 | D:3      | XOM: divination: magic mapping
  2165 | D:3      | Slain by a water moccasin

Illustrated notes

Levels and vault maps discovered:
D:1:      lightli_iron_boxes, layout_basic, corexii_item_surrounded_by_moat
D:2:      layout_rooms
D:3:      layout_basic

Skill      XL: |  1  2  3  4 |
---------------+-------------+-----
Fighting       | 4 |  4.3
Axes           | 4 |  4.0
Dodging        | |  2.8
Stealth        | |  0.4

Action                     |  1- 3 |  4- 6 || total
---------------------------+-------+-------++-------
  Melee: Hand axe          |   116 |    57 ||   173
         Tailslap          |    11 |     4 ||    15
         Punch             |     3 |       ||     3
  Evoke: Piece from Xom's  |       |     2 ||     2
    Use: Scroll            |     5 |       ||     5
         Potion            |       |     1 ||     1
   Stab: Sleeping          |     1 |       ||     1
         Paralysed         |     1 |       ||     1
 Armour: Skin              |    47 |    32 ||    79
  Dodge: Dodged            |    77 |    61 ||   138
